 Dungeon Crawl Stone Soup version 0.25-a0-404-gc1b5a34292 (webtiles) character file.

Game seed: 470391692441138751, levelgen mode: deterministic

453 Epan the Digger (level 7, -1/36 HPs)
             Began as a Gargoyle Earth Elementalist on Jan 12, 2020.
             Slain by a hound (5 damage)
             ... on level 5 of the Dungeon.
             The game lasted 00:10:37 (2434 turns).

Epan the Digger (Gargoyle Earth Elementalist)       Turns: 2434, Time: 00:10:38

Health: -1/36      AC: 10    Str: 12    XL:     7   Next: 5%
Magic:  2/13       EV: 12    Int: 17    God:
Gold:   119        SH:  0    Dex: 10    Spells: 5/14 levels left

rFire    . . .     SeeInvis .   s - +0 dagger (freeze)
rCold    . . .     Gourm    .   (no shield)
rNeg     + . .     Faith    .   c - +1 robe
rPois    ∞         Spirit   .   r - +2 helmet
rElec    +         Reflect  .   (no cloak)
rCorr    .         Harm     .   (no gloves)
MR       .....                  (no boots)
Stlth    ++........             (no amulet)
HPRegen  0.12/turn              (no ring)
MPRegen  0.13/turn              (no ring)

@: no status effects
A: negative energy resistance 1, electricity resistance, unbreathing,
petrification resistance, rot immunity, AC +4
a: no special abilities


You were on level 5 of the Dungeon.
You were hungry.

You visited 1 branch of the dungeon, and saw 5 of its levels.

You collected 119 gold pieces.

Inventory:

Hand Weapons
 a - a +0 whip
 l - a +0 morningstar
 s - a +0 dagger of freezing (weapon)
Armour
 c - a +1 robe (worn)
 r - a +2 helmet (worn)
Jewellery
 b - an uncursed ring of positive energy {unknown}
Wands
 p - a wand of flame (17)
Scrolls
 h - 2 scrolls of enchant armour
 k - a scroll of remove curse
Potions
 e - 2 potions of brilliance
 g - a potion of curing
 i - 2 potions of mutation {unknown}
 j - 2 potions of agility {unknown}
 m - a potion of heal wounds {unknown}
 n - a potion of lignification {unknown}
 o - a potion of flight {unknown}
 q - 2 potions of degeneration {unknown}
Comestibles
 d - 3 rations
 f - 5 chunks of flesh


   Skills:
 - Level 1.5 Dodging
 - Level 2.1 Stealth
 + Level 4.2 Spellcasting
 + Level 3.8 Conjurations
   Level 0.7 Transmutations
 + Level 6.3 Earth Magic


You had 5 spell levels left.
You knew the following spells:

 Your Spells              Type           Power        Failure   Level  Hunger
a - Sandblast             Erth           ####..       1%          1    None
b - Stone Arrow           Conj/Erth      ###...       6%          3    ###....
c - Lee's Rapid Deconstr  Erth           ####......   32%         5    ######.

Your spell library contained the following spells:

 Spells                   Type           Power        Failure   Level  Hunger
 Passwall                 Tmut/Erth      ###.....     5%          2    ##.....
 Petrify                  Tmut/Erth      ###.....     34%         4    ####...


Dungeon Overview and Level Annotations

Branches:
Dungeon (4/15)
 Temple: D:4-7

Altars:
Uskayaw

Annotations:
D:5 Edmund


Innate Abilities, Weirdness & Mutations

You are resistant to torment.
Your stone body is resilient. (AC +4)
You are immune to poison.
You resist negative energy. (rN+)
You are resistant to electric shocks. (rElec)
You can survive without breathing.
You are immune to petrification.
You are immune to rotting.


Message History

You barely miss Edmund.
Edmund is lightly wounded.
Edmund zaps a wand.
The puff of flame hits you.
You hit Edmund but do no damage.
Edmund is lightly wounded.
Edmund hits you but does no damage.
You barely miss Edmund.
Edmund is lightly wounded.
Edmund zaps a wand.
The puff of flame hits you but does no damage.
Some of the chunks of flesh in your inventory have rotted away.
Edmund zaps a wand.
The puff of flame hits you.
* * * LOW HITPOINT WARNING * * *
A hound comes into view.
Edmund zaps a wand.
The puff of flame hits you.
* * * LOW HITPOINT WARNING * * *
You hit the hound. You freeze the hound.
The hound is moderately wounded.
The hound bites you.
You die...

####.......##..$#.
##.................
#....%......#......
#..........##......
##..##.....#.......
#..................
#.@................
##....._...........
#.@.............)..
#.h................
....................
##.#.................
....................
............ ........
......##..... #......
..###..# ..... ......
...#..


You could see Edmund and a hound.

Vanquished Creatures
  A howler monkey (D:4)
  A centaur zombie (D:5)
  A bullfrog zombie (D:5)
  A hound (D:5)
  2 orc wizards (D:3)
  Terence (D:2)
  Natasha (thrice) (D:2)
  2 iguanas (D:4)
  Robin (D:2)
  2 adders
  A worm (D:2)
  2 dart slugs (D:2)
  A leopard gecko (D:1)
  3 orcs (D:3)
  11 bats
  3 giant cockroaches
  6 hobgoblins
  4 kobolds
  2 quokkas
  2 ball pythons
  2 frilled lizards (D:1)
  14 goblins
  12 rats
78 creatures vanquished.

Notes
Turn   | Place    | Note
-------+----------+-------------------------------------------
     0 | D:1      | Epan the Gargoyle Earth Elementalist began the quest for
                  | the Orb.
     0 | D:1      | Reached XP level 1. HP: 10/10 MP: 3/3
   184 | D:1      | Reached XP level 2. HP: 11/15 MP: 5/5
   280 | D:1      | Reached skill level 4 in Earth Magic
   665 | D:1      | Reached XP level 3. HP: 18/19 MP: 6/6
   670 | D:1      | Learned a level 3 spell: Stone Arrow
   840 | D:2      | Noticed Natasha
   846 | D:2      | Killed Natasha
   846 | D:2      | Reached skill level 1 in Conjurations
   918 | D:2      | Noticed Natasha
   923 | D:2      | Killed Natasha
   923 | D:2      | Reached XP level 4. HP: 22/24 MP: 4/8
  1028 | D:2      | Noticed Terence
  1052 | D:2      | Noticed Natasha
  1059 | D:2      | Killed Natasha
  1059 | D:2      | Reached skill level 5 in Earth Magic
  1183 | D:2      | Killed Terence
  1183 | D:2      | Reached XP level 5. HP: 28/28 MP: 4/10
  1190 | D:2      | Learned a level 5 spell: Lee's Rapid Deconstruction
  1388 | D:2      | Noticed Robin
  1428 | D:2      | Killed Robin
  1895 | D:3      | Reached XP level 6. HP: 21/32 MP: 1/11
  2139 | D:3      | Found a faded altar of an unknown god.
  2193 | D:3      | You fall into a shaft and drop 1 floor!
  2249 | D:4      | Reached skill level 6 in Earth Magic
  2300 | D:4      | You fall into a shaft and drop 1 floor!
  2300 | D:5      | Entered Level 5 of the Dungeon
  2396 | D:5      | Noticed Edmund
  2408 | D:5      | Found a hide-covered altar of Uskayaw.
  2414 | D:5      | Reached XP level 7. HP: 22/36 MP: 2/13
  2434 | D:5      | Slain by a hound

Levels and vault maps discovered:
D:1:      onia_arrival_pyramid, layout_basic, minmay_misc_feat_square
D:2:      layout_rooms, minivault_23, minmay_tromino_v4_b, uniq_natasha,
          uniq_robin, uniq_terence
D:3:      layout_loops_corners, nicolae_overflow_hidden_temple,
          chequers_ecumenical_altar_island
D:4:      layout_rooms, minmay_temple_entry_enclosed_plants, serial_shops, shop,
          nicolae_shop_waterfront, portal_sewer_entry_f
D:5:      minmay_bubble_buster, layout_cave_pools, nicolae_gozag_seed_capital,
          basic_altar, first_ration, uniq_edmund

Skill      XL: |  1  2  3  4  5  6 |
---------------+-------------------+-----
Earth Magic    | 4 5 6 |  6.3
Conjurations   | 1 2 3 |  3.8
Spellcasting   | 3 4 |  4.2
Dodging        | |  1.5
Stealth        | |  2.1
Transmutations | |  0.7

Action                   |  1- 3 |  4- 6 |  7- 9 || total
-------------------------+-------+-------+-------++-------
Melee: Whip              |    73 |    57 |       ||   130
       Dagger            |       |    54 |     5 ||    59
 Cast: Sandblast         |     9 |    61 |       ||    70
       Stone Arrow       |       |     6 |     2 ||     8
  Use: Scroll            |     7 |     5 |       ||    12
 Stab: Sleeping          |     3 |       |       ||     3
  Eat: Chunk             |       |     5 |       ||     5
Armor: Robe              |    28 |    60 |     3 ||    91
Dodge: Dodged            |    50 |   105 |       ||   155

Table legend:
 A = Non-vault XP
 B = Vault XP
 C = Vault XP percentage of total XP
 D = Non-vault monster count
 E = Vault monster count
 F = Vault count percentage of total count
                 A         B        C        D         E       F
            +---------+---------+-------+---------+---------+-------
      Total |     527 |     121 |  18.7 |      60 |      18 |  23.1
            +---------+---------+-------+---------+---------+-------
        D:1 |      36 |       0 |   0.0 |      22 |       0 |   0.0
        D:2 |     112 |     121 |  51.9 |      19 |      18 |  48.6
        D:3 |     101 |       0 |   0.0 |      11 |       0 |   0.0
        D:4 |     145 |       0 |   0.0 |       5 |       0 |   0.0
        D:5 |     133 |       0 |   0.0 |       3 |       0 |   0.0
            +---------+---------+-------+---------+---------+-------
